AoeStats
← 1768193321

Arena

508216652Analyzed
4v4 RM · 11d ago on Sep 21, 2026· 45m 43s· 8 players
Game mode
Random Map
Map size
Large (8 player)
Population
200
Speed
Normal
Resources
Standard
Victory
Conquest
Starting age
Dark Age
Ending age
Imperial Age
RankedLock teamsTeams togetherTeam positionsShared explorationLock speedFull tech treeHidden civsTurbo modeCheats
Victory
Defeat
🇨🇳 Teutons · China
1356
+15
🇩🇪 Vikings · Germany
1341
+15
🇩🇪 Bengalis · Germany
1338
+16
🇨🇳 Khmer · China
1301
+16
🇨🇳 Bohemians · China
1337
-16
🇨🇳 Malay · China
1336
-16
🇨🇳 Portuguese · China
1322
-15
🇹🇼 Hindustanis · Taiwan
1320
-15
Veritas of the Dark
10:38 Feudal Age
10:37 Loom
14:42 Castle Age
12:44 Double-Bit Axe
16:13 Bow Saw
17:11 Bow Saw
17:14 Husbandry
18:38 Scale Barding Armor
24:08 Bloodlines
25:18 Wheelbarrow
25:30 Fervor
25:38 Horse Collar
28:01 Forging
27:46 Gold Mining
29:17 Chain Barding Armor
30:20 Gold Shaft Mining
31:44 Iron Casting
32:37 Grand Trunk Road
39:11 Imperial Age
39:00 Murder Holes
39:19 Heavy Camel Rider
40:36 Plate Barding Armor
41:19 Imperial Camel Rider
44:29 Blast Furnace
44:26 Fletching
2265138721
11:27 Feudal Age
11:35 Loom
13:01 Fletching
13:01 Double-Bit Axe
20:39 Castle Age
19:33 Horse Collar
21:38 Bow Saw
38:12 Wheelbarrow
37:59 Heavy Plow
42:47 Imperial Age
41:10 Hand Cart
43:00 Chemistry
45:04 Two-Man Saw
mipolin
10:44 Feudal Age
13:52 Castle Age
12:10 Double-Bit Axe
19:34 Horse Collar
20:46 Bow Saw
21:58 Heavy Plow
22:49 Wheelbarrow
22:27 Gold Mining
24:59 Gold Shaft Mining
27:46 Imperial Age
26:48 Scale Barding Armor
26:53 Forging
27:14 Husbandry
27:40 Hand Cart
27:28 Elite Battle Elephant
29:13 Iron Casting
32:21 Blast Furnace
35:45 Stone Mining
37:18 Loom
37:19 Town Watch
鹏程
9:53 Feudal Age
9:46 Loom
14:29 Castle Age
13:28 Double-Bit Axe
22:50 Horse Collar
24:09 Bow Saw
25:56 Gold Mining
26:29 Stone Mining
29:28 Wheelbarrow
28:59 Heavy Plow
33:38 Imperial Age
32:47 Hand Cart
32:48 Padded Archer Armor
33:15 Fletching
33:51 Crossbowman
34:28 Bodkin Arrow
41:38 Stone Shaft Mining
软脚虾3号
5:55 Loom
8:34 Feudal Age
10:06 Fletching
15:56 Double-Bit Axe
16:03 Horse Collar
24:43 Castle Age
23:30 Gold Mining
23:34 Stone Mining
25:21 Bodkin Arrow
25:48 Guard Tower
27:25 Ballistics
28:05 Bow Saw
27:56 Heavy Plow
31:23 Gold Shaft Mining
32:07 Masonry
32:31 Murder Holes
35:45 Fortified Wall
39:35 Imperial Age
37:29 Crossbowman
38:12 Padded Archer Armor
39:17 Leather Archer Armor
40:19 Bracer
41:27 Chemistry
40:15 Arbalester
42:47 Two-Man Saw
43:26 Ring Archer Armor
44:34 Town Watch
Creed
10:31 Feudal Age
11:17 Horse Collar
14:57 Castle Age
15:46 Heavy Plow
16:06 Double-Bit Axe
22:57 Stone Mining
24:13 Light Cavalry
25:03 Bloodlines
25:31 Forging
29:01 Husbandry
29:12 Bloodlines
30:45 Gold Mining
31:52 Iron Casting
31:22 Scale Barding Armor
34:28 Imperial Age
32:37 Wheelbarrow
33:51 Chain Barding Armor
34:16 Paiks
35:19 Elite Battle Elephant
36:52 Gold Shaft Mining
37:19 Blast Furnace
36:55 Plate Barding Armor
38:05 Hand Cart
37:35 Loom
38:43 Mahayana
39:19 Pikeman
39:45 Gambesons
40:00 Squires
41:16 Scale Mail Armor
41:40 Halberdier
43:01 Bow Saw
43:22 Crop Rotation
43:58 Illumination
44:20 Chain Mail Armor
45:42 Theocracy
1768193321
5:56 Loom
8:30 Feudal Age
10:08 Fletching
20:08 Horse Collar
23:17 Castle Age
23:11 Double-Bit Axe
26:03 Wheelbarrow
28:47 Imperial Age
26:31 Gold Mining
28:59 Scale Mail Armor
30:41 Chain Mail Armor
32:10 Conscription
35:18 Town Watch
36:34 Plate Mail Armor
41:17 Forging
41:32 Hand Cart
43:29 Heavy Plow
44:25 Iron Casting
43:46 Elite Teutonic Knight
45:30 Town Patrol
Doomsday
10:48 Feudal Age
13:45 Castle Age
12:17 Double-Bit Axe
21:01 Bloodlines
21:52 Scale Barding Armor
24:54 Gold Mining
25:08 Horse Collar
30:33 Imperial Age
28:45 Wheelbarrow
28:34 Husbandry
28:49 Forging
28:53 Heavy Plow
31:07 Chain Barding Armor
31:23 Iron Casting
31:18 Bow Saw
31:47 Gold Shaft Mining
31:21 Elite Battle Elephant
34:18 Plate Barding Armor
36:34 Blast Furnace
39:28 Hand Cart
39:55 Crop Rotation
43:22 Stone Mining
Connection lost

Rejoining the realm…

Still unreachable

The connection could not be restored.

Session expired

The server has moved on; the page needs a fresh start.